 Dungeon Crawl Stone Soup version 0.18.1-5-g4a78601 (webtiles) character file.

609 oplop the Changer (level 7, -3/46 HPs)
             Began as an Octopode Transmuter on May 9, 2016.
             Killed by divine providence
             ... invoked by an orc priest
              (9 damage)
             ... on level 4 of the Dungeon.
             The game lasted 00:07:14 (3979 turns).

oplop the Changer (Octopode Transmuter)             Turns: 3979, Time: 00:07:14

Health: -3/46      AC:  2    Str:  9    XL:     7   Next: 43%
Magic:  11/12      EV: 21    Int: 18    God:
Gold:   316        SH:  0    Dex: 17    Spells: 4 memorised, 2 levels left

rFire  . . .     SeeInvis .       - Unarmed
rCold  . . .     Gourm    .     (shield currently unavailable)
rNeg   . . .     Faith    .     (helmet currently unavailable)
rPois  x         Spirit   .     (no amulet)
rElec  .         Dismiss  .     j - ring of resist corrosion
rCorr  +         Reflect  .     f - ring of flight
SustAt .         Harm     .     k - ring of stealth
MR     .....                    (no ring)
Stlth  +++.......               (no ring)
                                (no ring)
                                (no ring)
                                (no ring)

@: spider-form (expiring), not resistant to hostile enchantments, fairly
stealthy
A: almost no armour, (amphibious), 8 rings, (constrict 8), (camouflage 0),
(gelatinous body 0)
a: End Transformation, Evoke Flight


You were on level 4 of the Dungeon.
You were not hungry.
You were a venomous arachnid creature.
You visited 1 branch of the dungeon, and saw 4 of its levels.

You collected 316 gold pieces.

Inventory:

Jewellery
 f - a ring of flight (right front leg)
 j - a ring of resist corrosion (left front leg)
 k - a ring of stealth (on tentacle)
Scrolls
 c - a scroll of enchant weapon {unknown}
 d - a scroll of blinking
 e - 7 scrolls of remove curse
 g - 3 scrolls of noise
 i - a scroll of enchant armour
 n - 2 scrolls of recharging
 r - 2 scrolls of amnesia {unknown}
 t - a scroll of identify
Potions
 h - a potion of lignification
 l - a potion of haste
 m - a potion of magic
 o - a potion of cancellation
 p - 2 potions of degeneration {unknown}
 s - a potion of flight {unknown}
 u - a potion of invisibility {unknown}
Books
 b - a book of Changes

   Spells                             Type                      Level
   a - Beastly Appendage              Transmutation                1
   b - Sticks to Snakes               Transmutation                2
   c - Spider Form                    Transmutation/Poison         3
   d - Ice Form                       Ice/Transmutation            4
   e - Blade Hands                    Transmutation                5
Comestibles
 a - a beef jerky
 q - 2 bread rations
 v - 3 chunks of flesh
 w - a meat ration


   Skills:
 + Level 3.2 Fighting
 + Level 3.7 Dodging
 + Level 4.1 Unarmed Combat
 + Level 3.3 Spellcasting
 * Level 4.6 Transmutations
 * Level 1.4 Ice Magic


You had 2 spell levels left.
You knew the following spells:

 Your Spells              Type           Power        Failure   Level  Hunger
a - Beastly Appendage     Trmt           ###...       10%         1    None
b - Sticks to Snakes      Trmt           ###.....     14%         2    ##.....
c - Spider Form           Trmt/Pois      ##........   41%         3    ###....
d - Ice Form              Ice/Trmt       ##......     75%         4    ####...


Dungeon Overview and Level Annotations

Branches:
Dungeon (4/15)
 Temple: D:4-7

Altars:
Fedhas
Okawaru
Qazlal
Trog
Xom
Zin


Innate Abilities, Weirdness & Mutations

You cannot wear most types of armour.
((You are amphibious.))
You can wear up to eight rings at the same time.
((You can use your tentacles to constrict eight enemies at once.))
((Your skin changes colour to match your surroundings (Stealth).))
((Your rubbery body absorbs attacks (AC +1).))


Message History

The orc wizard is severely wounded.
The orc wizard casts a spell at you. The puff of flame hits you!
You hit the orc wizard.
The orc wizard looks even sicker.
The orc wizard is almost dead.
You kill the orc wizard!
You hit the orc priest but do no damage.
The orc priest is poisoned.
The orc priest hits you with a dagger. The orc misses you.
You hit the orc priest.
The orc priest looks even sicker.
The orc priest is moderately wounded.
The orc priest mumbles some strange prayers to Beogh against you.
Beogh smites you! The orc closely misses you.
The orc priest invokes the aid of Beogh against you.
Beogh smites you!
* * * LOW HITPOINT WARNING * * *
Your transformation is almost over.
The orc priest calls down the wrath of Beogh upon you.
Beogh smites you!
You die...

#.#
#.....P≈.≈≈≈.
#.#
#....#.P≈≈≈
#.#
#....#....
#.# ###### #.
##.# #..#
#.## #.# #s#
#.# #.# #o#
#o# #o# #)#
#......#
#......#


You could see an orc priest and 2 orcs.

Vanquished Creatures
  An ogre (D:4)
  3 scorpions (D:4)
  A hound (D:4)
  An iguana (D:4)
  5 orc wizards
  A worker ant (D:4)
  A gnoll (D:1)
  5 adders
  An ooze (D:1)
  A worm (D:2)
  3 dart slugs
  5 giant geckos
  9 orcs (D:3)
  6 giant cockroaches
  4 goblins
  7 hobgoblins
  4 jackals (D:2)
  3 quokkas
  3 ball pythons
  7 bats
  5 giant newts
  8 kobolds
  3 rats
87 creatures vanquished.

Vanquished Creatures (collateral kills)
  Terence (D:3)
1 creature vanquished.

Grand Total: 88 creatures vanquished

Notes
Turn   | Place    | Note
--------------------------------------------------------------
     0 | D:1      | oplop the Octopode Transmuter began the quest for the Orb.
     0 | D:1      | Reached XP level 1. HP: 13/13 MP: 3/3
   109 | D:1      | Reached XP level 2. HP: 17/18 MP: 3/5
   377 | D:1      | Reached XP level 3. HP: 21/23 MP: 3/6
   697 | D:2      | Learned a level 2 spell: Sticks to Snakes
   701 | D:2      | Learned a level 3 spell: Spider Form
   918 | D:2      | Reached XP level 4. HP: 23/28 MP: 5/7
   941 | D:2      | Found a blossoming altar of Fedhas.
  1126 | D:2      | Found a shimmering altar of Xom.
  1126 | D:2      | Found a bloodstained altar of Trog.
  1760 | D:3      | Noticed Terence
  2065 | D:3      | Reached XP level 5. HP: 20/34 MP: 8/8
  2217 | D:3      | Found an iron altar of Okawaru.
  2217 | D:3      | Found a glowing silver altar of Zin.
  2218 | D:3      | Found a stormy altar of Qazlal.
  2401 | D:3      | Killed Terence
  2433 | D:3      | Reached XP level 6. HP: 21/41 MP: 4/10
  2542 | D:3      | HP: 1/41 [orc/flail (10)]
  2907 | D:3      | Learned a level 4 spell: Ice Form
  3712 | D:4      | Reached XP level 7. HP: 29/46 MP: 9/11
  3823 | D:4      | Reached skill level 1 in Ice Magic
  3979 | D:4      | Killed from afar by an orc priest

Skill      XL: |  1  2  3  4  5  6  7 |
---------------+----------------------+-----
Transmutations | 3 4 |  4.6
Fighting       | 2 3 |  3.2
Dodging        | 3 |  3.7
Spellcasting   | 3 |  3.3
Unarmed Combat | 4 |  4.1
Ice Magic      | 1 |  1.4

Action                   |  1- 3 |  4- 6 |  7- 9 || total
-------------------------+-------+-------+-------++-------
Melee: Unarmed           |    71 |   156 |    29 ||   256
       Constrict         |    21 |    29 |     2 ||    52
       Tentacles         |    11 |    17 |     1 ||    29
       Kick              |    16 |    19 |     3 ||    38
       Punch             |     2 |     4 |       ||     6
 Cast: Beastly Appendage |    14 |    22 |     2 ||    38
       Sticks to Snakes  |       |    11 |       ||    11
       Spider Form       |       |     6 |     3 ||     9
  Use: Potion            |       |     4 |       ||     4
       Scroll            |       |     7 |       ||     7
 Stab: Sleeping          |     5 |     4 |       ||     9
       Distracted        |       |     1 |       ||     1
  Eat: Chunk             |       |     5 |       ||     5
       Bread ration      |       |     1 |       ||     1
       Meat ration       |       |       |     1 ||     1
Armor: Skin              |     7 |     8 |       ||    15
Dodge: Dodged            |    45 |    99 |    29 ||   173
